 Dungeon Crawl Stone Soup version 0.14-a0-1707-g75daffb (webtiles) character file.

305 Jenx the Ruinous (level 5, -1/28 HPs)
             Began as a Deep Elf Conjurer on Dec 31, 2013.
             Slain by a worm (11 damage)
             ... in a sewer.
             The game lasted 00:14:10 (4133 turns).

Jenx the Ruinous (Deep Elf Conjurer)                Turns: 4133, Time: 00:14:11

HP  -1/28        AC  5     Str  5      XL: 5   Next: 53%
MP   2/16        EV 13     Int 21      God:
Gold 100         SH  0     Dex 15      Spells:  3 memorised,  2 levels left

rFire  . . .     SeeInvis .     a - +3,+1 dwarf hand axe
rCold  . . .     Clarity  .     g - +0 elf robe
rNeg   . . .     Conserve .     (no shield)
rPois  .         rCorr    .     (no helmet)
rElec  .         rRot     .     d - +1 cloak
SustAb . .       Spirit   .     o - +0 pair of elf gloves
rMut   .         Warding  .     (no boots)
Saprov . . .     Stasis   .     (no amulet)
                                (no ring)
                                e - ring of sustenance

@: slightly resistant to hostile enchantments, fairly stealthy
A: no striking features
a: no special abilities


You were in a sewer.
You were not hungry.

You visited 1 branch of the dungeon, and saw 4 of its levels.
You also visited: Sewer.

You collected 130 gold pieces.
You spent 30 gold pieces at shops.

Inventory:

Hand weapons
 a - a +3,+1 dwarven hand axe (weapon)
Missiles
 j - 10 darts of frost (quivered)
Armour
 d - a +1 cloak (worn)
 g - a +0 elven robe (worn)
 o - a +0 pair of elven gloves (worn)
Magical devices
 x - a wand of frost (9)
Comestibles
 b - 4 bread rations
 z - a meat ration
Scrolls
 h - a scroll of amnesia {unknown}
 l - a scroll of fear
 q - 3 scrolls of remove curse
 t - 3 scrolls of teleportation
 y - a scroll of noise {unknown}
Jewellery
 e - a ring of sustenance (left hand)
 m - an uncursed amulet of rage
Potions
 f - a potion of confusion {unknown}
 n - a potion of might {unknown}
 w - a potion of degeneration {unknown}
Books
 c - a book of Conjurations

   Spells                             Type                      Level
   *Magic Dart                        Conjuration                  1
   Searing Ray                        Conjuration                  2
   *Dazzling Spray                    Conjuration/Hexes            3
   *Iskenderun's Mystic Blast         Conjuration                  4
   Iskenderun's Battlesphere          Conjuration/Charms           4
   Fulminant Prism                    Conjuration/Hexes            5
 k - a book of Annihilations {highlevel}

   This book is beyond your current level of understanding.

   Spells                             Type                      Level
   Poison Arrow                       Conjuration/Poison           6
   Chain Lightning                    Conjuration/Air              8
   Lehudib's Crystal Spear            Conjuration/Earth            8
   Ice Storm                          Conjuration/Ice              9
   Fire Storm                         Conjuration/Fire             9


   Skills:
 - Level 2.4 Dodging
 - Level 2.4 Stealth
 - Level 3.0 Spellcasting
 * Level 7.5 Conjurations


You had 2 spell levels left.
You knew the following spells:

 Your Spells              Type           Power        Failure   Level  Hunger
a - Magic Dart            Conj           ####         1%          1    None
b - Dazzling Spray        Conj/Hex       ###.....     10%         3    ###....
c - Iskenderun's Mystic   Conj           ####....     8%          4    ####...


Dungeon Overview and Level Annotations

Branches:
Dungeon (4/16)
 Temple: D:4-7

Altars:

Shops:
D:4 !

Annotations:
D:3 Pikel


Message History

Press: ? - help, Shift-Dir - straight line, f/p - worm
Aim: a worm (severely wounded)
You throw a dart of frost. The dart of frost hits the worm.
The worm is severely wounded.
The giant gecko bites you. The giant gecko closely misses you.
Throwing (i - inventory):
j - 12 darts of frost (quivered)
Press: ? - help, Shift-Dir - straight line, f/p - worm
Aim: a worm (severely wounded)
You throw a dart of frost. The dart of frost hits the worm.
The worm appears unharmed.
The worm is severely wounded.
The worm bites you.
The giant gecko bites you but does no damage.
Throwing (i - inventory):
j - 11 darts of frost (quivered)
Press: ? - help, Shift-Dir - straight line, f/p - worm
Aim: a worm (severely wounded)
You throw a dart of frost. The dart of frost hits the worm.
The worm is severely wounded.
The giant gecko closely misses you. The worm bites you!
You die...

##### # ##.%.##
####.##.....##
≈≈≈≈..........#
≈≈≈....l@w....#
≈≈..####......#
###.∩### ###


You could see a worm and a giant gecko.

Vanquished Creatures
  A hound (D:4)
  3 gnolls (D:3)
  6 adders
  An inept feature mimic (D:3)
  A giant mite (D:4)
  A worm (D:4)
  3 giant geckos (D:1)
  2 orcs
  A ball python (D:2)
  6 bats
  7 hobgoblins
  4 jackals (D:1)
  7 giant cockroaches
  9 giant newts
  6 goblins
  6 kobolds
  An orc skeleton (D:4)
  6 rats
71 creatures vanquished.

Notes
Turn   | Place    | Note
--------------------------------------------------------------
     0 | D:1      | Jenx, the Deep Elf Conjurer, began the quest for the Orb.
     0 | D:1      | Reached XP level 1. HP: 10/10 MP: 5/5
   256 | D:1      | Reached XP level 2. HP: 15/15 MP: 3/8
   259 | D:1      | Reached skill level 5 in Conjurations
  1037 | D:2      | Reached XP level 3. HP: 15/19 MP: 6/10
  1072 | D:2      | Learned a level 3 spell: Dazzling Spray
  1825 | D:3      | Reached skill level 6 in Conjurations
  2017 | D:3      | Reached XP level 4. HP: 24/24 MP: 9/13
  2642 | D:3      | Learned a level 4 spell: Iskenderun's Mystic Blast
  2954 | D:4      | Found Petovasche's Distillery.
  2963 | D:4      | Bought a potion of heal wounds for 30 gold pieces
  3016 | D:4      | Noticed a slave
  3017 | D:4      | Noticed Pikel
  3043 | D:4      | Noticed a slave
  3043 | D:4      | Noticed a slave
  3046 | D:4      | Noticed a slave
  3299 | D:3      | Reached skill level 7 in Conjurations
  3299 | D:3      | Reached XP level 5. HP: 25/28 MP: 11/16
  4045 | D:4      | Found a glowing drain.
  4115 | Sewer    | Entered a sewer
  4124 | Sewer    | HP: 1/28 [worm (10)]
  4133 | Sewer    | Slain by a worm

Action                   |  1- 3 |  4- 6 || total
-------------------------+-------+-------++-------
Melee: Unarmed           |     3 |       ||     3
       Hand axe          |    25 |    60 ||    85
Throw: Dart              |     1 |    10 ||    11
 Cast: Magic Dart        |    59 |    30 ||    89
       Dazzling Spray    |     1 |    35 ||    36
       Iskenderun's Myst |       |     4 ||     4
Evoke: Wand              |       |     4 ||     4
  Use: Scroll            |     4 |     3 ||     7
       Potion            |       |     5 ||     5
 Stab: Sleeping          |     2 |       ||     2
